 Dungeon Crawl Stone Soup version 0.30-a0-857-gcaf70739d4 (webtiles) character file.

Game seed: 17711386944398146614

29 jimonade the Magician (level 3, -1/28 HPs)
             Began as a Djinni Warper on Mar 5, 2023.
             Slain by a gnoll
             ... wielding a +0 spear
              (7 damage)
             ... on level 2 of the Dungeon.
             The game lasted 00:03:37 (1191 turns).

jimonade the Magician (Djinni Warper)               Turns: 1191, Time: 00:03:37

Health: -1/28      AC: 10    Str: 12    XL:     3   Next: 32%
Gold:   72         EV:  5    Int: 14    God:
                   SH:  0    Dex: 12

rFire   + + .      SeeInvis .    a - +1 dagger (pain)
rCold   x . .      Faith    .    (no shield)
rNeg    . . .      Spirit   .    m - +0 chain mail
rPois   ∞          Reflect  .    i - +0 helmet
rElec   .          Rampage  .    h - +0 cloak
rCorr   .                        (no gloves)
Will    .....                    (boots unavailable) Stlth
                                 (no amulet)
HPRegen 0.24/turn                (no ring)
MPRegen 0.00/turn                (no ring)

@: flying
A: sickness immunity, fire resistance 2, cold vulnerability 1, float, innate
caster, HP casting, extra vitality 1
a: no special abilities


You were on level 2 of the Dungeon.
You visited 1 branch of the dungeon, and saw 2 of its levels.

You collected 72 gold pieces.

Inventory:

Hand Weapons
 a - a +1 dagger of pain (weapon)
 f - a +0 short sword
 j - a +0 quarterstaff
Missiles
 d - 7 boomerangs of dispersal (quivered)
 e - 5 stones
Armour
 b - a +0 leather armour
 h - a +0 cloak (worn)
 i - a +0 helmet (worn)
 m - a +0 chain mail (worn)
 n - a +0 ring mail
Scrolls
 c - a scroll of blinking
 g - a scroll of fog {unknown}
 l - a scroll of silence {unknown}
 o - a scroll of amnesia {unknown}
Potions
 k - 2 potions of curing {unknown}


   Skills:
 + Level 2.1 Fighting
 + Level 1.7 Short Blades
 + Level 0.7 Throwing
 + Level 1.5 Armour
 + Level 2.4 Dodging
 + Level 0.3 Stealth
 * Level 2.9 Spellcasting


You knew the following spells:

 Your Spells              Type           Power      Damage    Failure   Level
a - Blink                 Tloc           20%        N/A       99%         2
b - Lesser Beckoning      Tloc           20%        N/A       99%         2
c - Vhi's Electric Charg  Tloc/Air       20%        N/A       100%        3
d - Teleport Other        Tloc           10%        N/A       100%        3
e - Manifold Assault      Tloc           10%        N/A       100%        4
f - Necrotise             Necr           40%        1d6       95%         1
Your spell library was empty.

Dungeon Overview and Level Annotations

Branches:
Dungeon (2/15)

Altars:


Innate Abilities, Weirdness & Mutations

You are immune to sickness and miasma.
You are immune to poison.
Your flesh is very heat resistant. (rF++)
You are vulnerable to cold. (rC-)
You float through the air rather than walking.
You learn spells naturally, not from books.
Your magical power is your life essence.
You have superior vitality. (+4 MHP)


Message History

You hit the dart slug.
The dart slug is severely wounded.
You hit the dart slug.
You kill the dart slug!
No target in view!
A gnoll comes into view. It is wielding a +0 spear.
A gnoll is nearby!
A gnoll is nearby!
Press: ? - help, v - describe, . - travel, g - get item Item here: a broad axe.
The floor.
Unknown command.
The gnoll hits you but does no damage. The gnoll hits you with a +0 spear.
You hit the gnoll.
The gnoll is lightly wounded.
The gnoll hits you with a +0 spear!
You hit the gnoll.
The gnoll is heavily wounded.
You hit the gnoll.
The gnoll is heavily wounded.
The gnoll hits you with a +0 spear.
You barely miss the gnoll.
The gnoll is heavily wounded.
The gnoll hits you with a +0 spear.
You barely miss the gnoll.
The gnoll is heavily wounded.
The gnoll hits you but does no damage.
You hit the gnoll but do no damage.
The gnoll is heavily wounded.
The gnoll hits you with a +0 spear.
* * * LOW HITPOINT WARNING * * *
You closely miss the gnoll.
The gnoll is heavily wounded.
The gnoll hits you with a +0 spear.
* * * LOW HITPOINT WARNING * * *
You hit the gnoll.
The gnoll is severely wounded.
The gnoll hits you with a +0 spear!
You die...

......######...####.
......g.............
##)##.######..#####.
#>##.######..#
#.##.##......#
#.##.##.####.#
#<##.##.# .# #
#.##.##g# ..
.#########)##.##@#
###
..............##.#
.................#
##########.#######
#.# #.# #.# #.#
#.#############.


You could see a gnoll.

Vanquished Creatures
  A dart slug (D:2)
  4 endoplasms
  A giant cockroach (D:1)
  A hobgoblin (D:1)
  10 jackals
  A kobold (D:1)
  3 ball pythons
  A rat (D:1)
22 creatures vanquished.

Notes
Turn   | Place    | Note
-------+----------+-------------------------------------------
     0 | D:1      | jimonade the Djinni Warper began the quest for the Orb.
     0 | D:1      | jimonade set off with the following spells memorised:
                  | Blink, Lesser Beckoning, Vhi's Electric Charge, Teleport
                  | Other, Manifold Assault.
     0 | D:1      | Reached XP level 1. HP: 18/18 MP: 0/0
   114 | D:1      | Reached XP level 2. HP: 8/23 MP: 0/0
   846 | D:1      | Reached XP level 3. HP: 28/28 MP: 0/0
   846 | D:1      | Learned a level 1 spell: Necrotise
  1191 | D:2      | Slain by a gnoll

Illustrated notes

Levels and vault maps discovered:
D:1:      giann_horns, layout_loops_ring
D:2:      layout_loops_ring, kennysheep_crisscross

Action                     || total
---------------------------++-------
  Melee: Dagger            ||   118
         Punch             ||     2
   Stab: Sleeping          ||     1
 Armour: Leather armour    ||    20
         Chain mail        ||    24
  Dodge: Dodged            ||    53

Table legend: (Time is in decaauts)
 A = Elapsed time spent in this place.
 B = Non-inter-level travel time spent in this place.
 C = Inter-level travel time spent in this place.
 D = Time resting spent in this place.
 E = Time spent auto-exploring this place.
 F = Levels seen in this place.
 G = Mean time per level.
                   A        B        C        D        E       F      G
               +--------+--------+--------+--------+--------+-----+--------+
         Total |   1180 |   1151 |     29 |     23 |    759 |   2 |  590.0 |
       Dungeon |   1180 |   1151 |     29 |     23 |    759 |   2 |  590.0 |
               +--------+--------+--------+--------+--------+-----+--------+

Top non-repeatable levels by time:
     D:1: 904 daAuts
     D:2: 276 daAuts
